 Dungeon Crawl Stone Soup version 0.28-a0-732-g75e6d9beac (webtiles) character file.

Game seed: 1873932672061936137

0 Colgate the Charlatan (level 1, 14/15 HPs)
             Began as a Demonspawn Artificer on Oct 29, 2021.
             Quit the game on level 1 of the Dungeon.
             The game lasted 00:01:45 (61 turns).

Colgate the Charlatan (Demonspawn Artificer)          Turns: 61, Time: 00:01:46

Health: 14/15      AC:  3    Str: 12    XL:     1   Next: 8%
Magic:  1/1        EV: 11    Int: 12    God:
Gold:   15         SH:  0    Dex: 13    Spells: 0/0 levels left

rFire   . . .      SeeInvis +   (no weapon)
rCold   . . .      Faith    .   (no shield)
rNeg    . . .      Spirit   .   b - +0 leather armour
rPois   .          Reflect  .   (no helmet)
rElec   .          Harm     .   (no cloak)
rCorr   .          Rampage  .   (no gloves)
Will    .....                   (no boots)
Stlth   +.........              (no amulet)
HPRegen 0.05/turn               a - ring of see invisible
MPRegen 0.07/turn               (no ring)

@: no status effects
A: no striking features
a: no special abilities


You were on level 1 of the Dungeon.
You visited 1 branch of the dungeon, and saw 1 of its levels.

You collected 15 gold pieces.

Inventory:

Armour
 b - a +0 leather armour (worn)
Jewellery
 a - a ring of see invisible (left hand)
Wands
 c - a wand of flame (15)
 d - a wand of charming (15)
Miscellaneous
 e - a piece from Xom's chessboard (9/15) (quivered)


   Skills:
 - Level 1.0 Fighting
 - Level 1.7 Armour
 - Level 0.8 Dodging
 - Level 0.8 Stealth
 + Level 3.0 Evocations


You couldn't memorise any spells.
You didn't know any spells.
Your spell library was empty.

Dungeon Overview and Level Annotations

Branches:
Dungeon (1/15)

Altars:


Message History

Welcome, Colgate the Demonspawn Artificer.
Everyone else who sought the Orb of Zot has failed.
Will you be different?
Press ? for a list of commands and other information.
Found 15 gold pieces.
Found an escape hatch in the floor.
Found a staircase leading out of the dungeon.
Drop what? 5/52 slots (_ for help) (? for menu, Esc to quit)
You are now empty-handed.
You drop a +0 club.
You now have 15 gold pieces.
There is a staircase leading out of the dungeon here.
You see here a +0 club.
a - a ring of see invisible
a - a ring of see invisible (left hand)
A ball python comes into view.
The ball python hisses angrily.
Sorry, you're not good enough to have a special ability.
Okay, then.
You make a move on Xom's chessboard...
The ball python struggles to resist.
You make a move on Xom's chessboard...
The ball python twists and deforms.
You make a move on Xom's chessboard...
The ball python seems to grow stronger.
You make a move on Xom's chessboard...
The ball python seems to speed up.
The ball python bites you. The ball python grabs you.
The ball python constricts you. The ball python barely misses you.
The ball python constricts you.
You make a move on Xom's chessboard...
The ball python twists and deforms.
The ball python closely misses you. The ball python constricts you.
You make a move on Xom's chessboard...
The ball python loses its grip on you.
The ball python falls asleep!
The helpless ball python fails to defend itself.
You hit the ball python.
You kill the ball python!
Are you sure you want to abandon this character and quit the game? (Confirm with "yes".)

#.#..#..###..
#.#..#..# ..
#....# #....#
#.#..# ##.#..#
#.....#
##########.#..#
.......@...#..#
###....###.#..#
#.... #.# ##
#.... #.# #....
#.# #.... #.#
+.... ... #....
.#


There were no monsters in sight!

Vanquished Creatures
  A ball python (D:1)
1 creature vanquished.

Notes
Turn   | Place    | Note
-------+----------+-------------------------------------------
     0 | D:1      | Colgate the Demonspawn Artificer began the quest for the
                  | Orb.
     0 | D:1      | Reached XP level 1. HP: 15/15 MP: 1/1
    61 | D:1      | Quit the game

Illustrated notes

Levels and vault maps discovered:
D:1:      dpeg_arrival_boxorama, layout_basic, serial_shops, nicolae_shop_stone

Action                   || total
-------------------------++-------
Melee: Unarmed           ||     1
Evoke: Piece from Xom's  ||     6
 Stab: Sleeping          ||     1
Dodge: Dodged            ||     2

Table legend: (Time is in decaauts)
 A = Elapsed time spent in this place.
 B = Non-inter-level travel time spent in this place.
 C = Inter-level travel time spent in this place.
 D = Time resting spent in this place.
 E = Time spent auto-exploring this place.
 F = Levels seen in this place.
 G = Mean time per level.
                   A        B        C        D        E       F      G
               +--------+--------+--------+--------+--------+-----+--------+
         Total |     60 |     60 |      0 |      0 |     50 |   1 |   60.0 |
       Dungeon |     60 |     60 |      0 |      0 |     50 |   1 |   60.0 |
               +--------+--------+--------+--------+--------+-----+--------+

Top non-repeatable levels by time:
     D:1: 60 daAuts
